 Dungeon Crawl Stone Soup version 0.27.1-33-g824d729ab1 (webtiles) character file.

Game seed: 4340916884168804150

154 alasdair19 the Covered (level 5, -3/47 HPs)
             Began as a Minotaur Fighter on Dec 9, 2021.
             Slain by Sigmund (10 damage)
             ... on level 3 of the Dungeon.
             The game lasted 00:06:24 (1729 turns).

alasdair19 the Covered (Minotaur Fighter)           Turns: 1729, Time: 00:06:25

Health: -3/47      AC: 14    Str: 20    XL:     5   Next: 13%
Magic:  4/4        EV:  7    Int:  6    God:
Gold:   141        SH:  9    Dex: 10    Spells: 4/4 levels left

rFire    . . .     SeeInvis .   a - +0 long sword
rCold    . . .     Faith    .   c - +0 kite shield
rNeg     . . .     Spirit   .   b - +0 scale mail
rPois    .         Reflect  .   (helmet restricted)
rElec    .         Harm     .   (no cloak)
rCorr    .         Rampage  .   (no gloves)
Will     .....                  g - +2 pair of boots
Stlth    ..........             (no amulet)
HPRegen  0.15/turn              i - +4 ring of protection
MPRegen  0.09/turn              (no ring)

@: on berserk cooldown, attractive, hasted and slowed
A: horns 2, retaliatory headbutt
a: no special abilities


You were on level 3 of the Dungeon.
You visited 1 branch of the dungeon, and saw 3 of its levels.

You collected 141 gold pieces.

Inventory:

Hand Weapons
 a - a +0 long sword (weapon)
Armour
 b - a +0 scale mail (worn)
 c - a +0 kite shield (worn)
 g - a +2 pair of boots (worn)
Jewellery
 i - a +4 ring of protection (left hand)
Scrolls
 l - 2 scrolls of fear {unknown}
Potions
 d - a potion of might
 h - a potion of haste


   Skills:
 + Level 4.5 Fighting
 + Level 4.3 Long Blades
 + Level 4.6 Armour
 - Level 1.0 Dodging
 - Level 0.1 Stealth
 + Level 4.2 Shields


You had 4 spell levels left.
You didn't know any spells.
Your spell library was empty.

Dungeon Overview and Level Annotations

Branches:
Dungeon (3/15)

Altars:

Annotations:
D:3 Sigmund


Innate Abilities, Weirdness & Mutations

You have a pair of horns on your head.
You reflexively headbutt those who attack you in melee.


Message History

You are confused.
Something hits you but does no damage.
You bump into the rock wall.
Something hits you.
You barely miss something. Something hits you but does no damage.
Something hits you.
* * * LOW HITPOINT WARNING * * *
It was a potion of attraction.
You feel attractive to monsters.
You feel less confused. Something hits you but does no damage.
You feel yourself speed up. Something hits you but does no damage.
You hit something. Something hits you!
* * * LOW HITPOINT WARNING * * *
You feel better.
You barely miss something. You headbutt something.
Something hits you but does no damage.
You closely miss something. You headbutt something.
You hear some strange, mumbled words.
A puff of flame appears from out of thin air!
The puff of flame hits you but does no damage.
Your shield prevents you from hitting something.
Something hits you but does no damage.
You miss something. Something hits you.
* * * LOW HITPOINT WARNING * * *
Okay, then.
You barely miss something. Something hits you but does no damage.
You hit something but do no damage. Something hits you but does no damage.
You hit something. Something hits you but does no damage.
You hit something.
You hear some strange, mumbled words.
A puff of flame appears from out of thin air!
You block the puff of flame.
You barely miss something.
You hear some strange, mumbled words.
Something tries to affect you, but you resist.
Something hits you.
* * * LOW HITPOINT WARNING * * *
You miss something. Your headbutt misses something.
You hit something but do no damage. Something hits you but does no damage.
You barely miss something. Something hits you!
You die...

...........#..........#.#
#.
...###........###.....#.#
## .. #..####..# .#...#.#
# #..###......#.....#...#
# #....#.###....^#.....#
#.## ####..$##..##..#...
# #... #.......####...#.
...... #.......{.#......
......
..###.....###@†.##...
######
........###......... #
####....###†####....
#..†.....# ... #.....####
. ##...#.....
.....##...## .>..#.. ..##
.............


There were no monsters in sight!

Vanquished Creatures
  Jessica (D:3)
  An orc wizard (D:2)
  6 adders
  A worm (D:2)
  A dart slug (D:2)
  5 bats
  3 endoplasms
  2 giant cockroaches
  4 goblins
  3 hobgoblins
  4 jackals (D:1)
  A quokka (D:1)
  6 ball pythons
  A frilled lizard (D:3)
  6 kobolds
  3 rats
48 creatures vanquished.

Notes
Turn   | Place    | Note
-------+----------+-------------------------------------------
     0 | D:1      | alasdair19 the Minotaur Fighter began the quest for the
                  | Orb.
     0 | D:1      | Reached XP level 1. HP: 19/19 MP: 0/0
   262 | D:1      | Reached XP level 2. HP: 27/27 MP: 1/1
   485 | D:1      | Found a faded altar of an unknown god.
   845 | D:2      | Reached XP level 3. HP: 33/33 MP: 2/2
  1467 | D:3      | Noticed Sigmund
  1473 | D:2      | Reached XP level 4. HP: 41/41 MP: 3/3
  1535 | D:3      | Noticed Jessica
  1539 | D:3      | Killed Jessica
  1540 | D:3      | Reached skill level 1 in Dodging
  1697 | D:3      | Reached XP level 5. HP: 20/47 MP: 4/4
  1716 | D:3      | HP: 2/47 [something (8)]
  1729 | D:3      | Slain by Sigmund

Illustrated notes

Levels and vault maps discovered:
D:1:      dpeg_arrival_simpleton_a, layout_basic, basic_ecumenical_altar,
          minmay_misc_feat_doors, minmay_quantized
D:2:      layout_basic
D:3:      layout_rooms, uniq_jessica, uniq_sigmund

Skill      XL: |  1  2  3  4 |
---------------+-------------+-----
Armour         | 4 |  4.6
Fighting       | 4 |  4.5
Long Blades    | 3 4 |  4.3
Shields        | 4 |  4.2
Dodging        | 1 |  1.0
Stealth        | |  0.1

Action                   |  1- 3 |  4- 6 || total
-------------------------+-------+-------++-------
Melee: Long sword        |    87 |    51 ||   138
       Headbutt          |    16 |     8 ||    24
  Use: Scroll            |     4 |     1 ||     5
       Potion            |       |     5 ||     5
Armor: Scale mail        |    48 |    35 ||    83
Dodge: Dodged            |    26 |    14 ||    40
Block: Kite shield       |    40 |    24 ||    64
       Rpst.: Long sword |     8 |     9 ||    17
